 Dungeon Crawl Stone Soup version 0.24-a0-464-g6b2be6b8c7 (webtiles) character file.

Game seed: 15798786990874708934

198 forest the Sneak (level 5, -5/26 HPs)
             Began as a Spriggan Assassin on July 1, 2019.
             Slain by an orc
             ... wielding a cursed -1 trident
              (10 damage)
             ... on level 3 of the Dungeon on July 3, 2019.
             The game lasted 00:09:06 (3502 turns).

forest the Sneak (Spriggan Assassin)                Turns: 3502, Time: 00:09:07

Health: -5/26      AC:  3    Str:  8    XL:     5   Next: 47%
Magic:  6/6        EV: 19    Int: 12    God:
Gold:   105        SH:  0    Dex: 18    Spells: 4/4 levels left

rFire    . . .     SeeInvis +   a - +2 dagger
rCold    . . .     Gourm    .   (shield restricted)
rNeg     . . .     Faith    .   b - +0 robe
rPois    .         Spirit   .   (helmet restricted)
rElec    .         Reflect  .   c - +0 cloak
rCorr    .         Harm     .   (gloves unavailable)
MR       .....                  (boots unavailable)
Stlth    ++++......             (no amulet)
HPRegen  0.08/turn              (no ring)
MPRegen  0.10/turn              (no ring)

@: very quick
A: very small, unfitting armour, see invisible, herbivore, speed 3, slow
metabolism 2
a: no special abilities


You were on level 3 of the Dungeon.
You were not hungry.

You visited 1 branch of the dungeon, and saw 3 of its levels.

You collected 105 gold pieces.

Inventory:

Hand Weapons
 a - a +2 dagger (weapon)
Missiles
 d - 16 poisoned darts (quivered)
 e - 2 curare-tipped darts
 g - 42 sling bullets
 i - 82 stones
Armour
 b - a +0 robe (worn)
 c - a +0 cloak (worn)
Wands
 m - a wand of flame (14)
Scrolls
 l - 2 scrolls of teleportation
 n - 3 scrolls of remove curse
 o - a scroll of amnesia {unknown}
 q - a scroll of noise {unknown}
Potions
 h - 3 potions of berserk rage {unknown}
 j - 2 potions of magic
 k - a potion of agility {unknown}
 p - 2 potions of lignification {unknown}
 r - a potion of mutation {unknown}
Comestibles
 f - 5 rations


   Skills:
 + Level 1.9 Fighting
 + Level 3.3 Short Blades
 + Level 3.0 Throwing
 + Level 3.7 Dodging
 + Level 7.8 Stealth


You had 4 spell levels left.
You didn't know any spells.
Your spell library was empty.

Dungeon Overview and Level Annotations

Branches:
Dungeon (3/15)

Altars:


Innate Abilities, Weirdness & Mutations

You are very small and have problems with some larger weapons.
You are too small for most types of armour.
You have supernaturally acute eyesight. (SInv)
You are a herbivore.
You cover ground extremely quickly.
You need to consume almost no food.


Message History

The ball python barely misses you. The ball python misses you.
The orc hits you with a +0 falchion.
The orc hits you from afar with a cursed -1 trident.
You hit the orc but do no damage.
The orc is severely wounded.
The orc hits you with a +0 falchion.
You hit the orc.
The orc is almost dead.
The orc misses you. The orc closely misses you.
You hit the orc.
You kill the orc!
The orc hits you from afar with a cursed -1 trident!
* * * LOW HITPOINT WARNING * * *
Throwing (i - inventory. (/) - cycle)
d - 17 poisoned darts (quivered)
Press: ? - help, Shift-Dir - straight line, f - orc
Aim: an orc, wielding a -1 trident You throw a poisoned dart.
The poisoned dart barely misses the orc.
The orc hits you from afar with a cursed -1 trident!
You die...

### # ## .. #. .##.# .... #.#
#...# #... #.##..# .....#
...#. #....## .....# #...##
#.@#..##......#
.....###....##...#S..#......#
.....#.#.#..##.#o#o#.#......#
.....##.#..#####.#)#.#......#
.....# #..#..# #..o#.#......#
.....###.#..####...##.......#
.....##..)..#.#.(#..#.....^.#
........8.8.....###.........#
.....##.....#.#..#..#..######


You could see an orc.

Vanquished Creatures
  Ijyb (D:3)
  Natasha (thrice) (D:2)
  2 adders (D:2)
  An ooze (D:2)
  A worm (D:2)
  A dart slug (D:1)
  3 leopard geckos (D:1)
  5 orcs (D:3)
  7 bats
  A giant cockroach (D:2)
  5 goblins
  9 hobgoblins
  7 jackals (D:1)
  A quokka (D:3)
  4 frilled lizards (D:1)
  7 kobolds
  7 rats
65 creatures vanquished.

Notes
Turn   | Place    | Note
-------+----------+-------------------------------------------
     0 | D:1      | forest the Spriggan Assassin began the quest for the Orb.
     0 | D:1      | Reached XP level 1. HP: 10/10 MP: 2/2
     9 | D:1      | You fall into a shaft and drop 1 floor!
    17 | D:2      | Reached skill level 6 in Stealth
   171 | D:1      | Upgraded the game from 0.24-a0-462-ge24419a6ad to
                  | 0.24-a0-464-g6b2be6b8c7
   195 | D:1      | Reached XP level 2. HP: 10/14 MP: 3/3
   582 | D:1      | Reached skill level 7 in Stealth
   624 | D:1      | Reached XP level 3. HP: 17/18 MP: 4/4
  2093 | D:2      | Reached XP level 4. HP: 22/22 MP: 5/5
  2372 | D:3      | Noticed Natasha
  2383 | D:3      | Noticed Ijyb
  2492 | D:2      | Killed Natasha
  2770 | D:2      | Noticed Natasha
  2782 | D:2      | Killed Natasha
  2979 | D:2      | Noticed Natasha
  2997 | D:2      | Killed Natasha
  2997 | D:2      | Reached XP level 5. HP: 21/26 MP: 6/6
  3082 | D:3      | Killed Ijyb
  3502 | D:3      | Slain by an orc

Levels and vault maps discovered:
D:1:      psy_arrival_conway, layout_rooms, minmay_tiny_reverse_x
D:2:      layout_rooms
D:3:      wad_crossroads, layout_rooms, first_ration, uniq_robin, uniq_ijyb,
          uniq_natasha

Skill      XL: |  1  2  3  4  5 |
---------------+----------------+-----
Stealth        | 6 7 |  7.8
Dodging        | 2 3 |  3.7
Short Blades   | 3 |  3.3
Throwing       | 3 |  3.0
Fighting       | |  1.9

Action                   |  1- 3 |  4- 6 || total
-------------------------+-------+-------++-------
Melee: Dagger            |   156 |    87 ||   243
Throw: Dart              |    15 |    38 ||    53
  Use: Scroll            |     2 |     2 ||     4
 Stab: Sleeping          |     8 |       ||     8
       Distracted        |     1 |     1 ||     2
  Eat: Ration            |       |     1 ||     1
Armor: Robe              |    25 |     7 ||    32
Dodge: Dodged            |   168 |    96 ||   264

Table legend:
 A = Non-vault XP
 B = Vault XP
 C = Vault XP percentage of total XP
 D = Non-vault monster count
 E = Vault monster count
 F = Vault count percentage of total count
                 A         B        C        D         E       F
            +---------+---------+-------+---------+---------+-------
      Total |     209 |      74 |  26.1 |      61 |       4 |   6.2
            +---------+---------+-------+---------+---------+-------
        D:1 |      52 |       5 |   8.8 |      30 |       2 |   6.2
        D:2 |     128 |      33 |  20.5 |      18 |       1 |   5.3
        D:3 |      29 |      36 |  55.4 |      13 |       1 |   7.1
            +---------+---------+-------+---------+---------+-------
